 Dungeon Sprint DCSS version 0.16.2-14-gc338ae411c (webtiles) character file.

1725 MordorOrchid the Nimble (level 8, -9/42 HPs)
             Began as a Spriggan Enchanter on Mar 15, 2020.
             Was a Priest of Okawaru.
             Mangled by an eight-headed hydra (12 damage)
             ... in the Dungeon (Sprint IX: "|||||||||||||||||||||||||||||").
             The game lasted 00:06:43 (1079 turns).

MordorOrchid the Nimble (Spriggan Enchanter)        Turns: 1079, Time: 00:06:43

Health: -9/42      AC:  5    Str:  4    XL:     8   Next: 75%
Magic:  12/29      EV: 28    Int: 21    God:    Okawaru [***...]
Gold:   10         SH:  0    Dex: 17    Spells: 5 memorised, 15 levels left

rFire  . . .     SeeInvis +     y - +2 rapier (venom)
rCold  . . .     Clarity  .     b - +1 robe
rNeg   . . .     SustAb   .     (shield restricted)
rPois  .         Gourm    .     (helmet restricted)
rElec  .         Spirit   .     (no cloak)
rCorr  .         Warding  .     (gloves unavailable)
rMut   .         NoTele   +     (boots unavailable)
MR     +....                    (no amulet)
Stlth  +++++.....               o - +3 ring of intelligence
                                m - +2 ring of protection

@: very quick, somewhat resistant to hostile enchantments, quite stealthy
A: unfitting armour, see invisible, herbivore 3, speed 3, slow metabolism 2
a: Heroism, Renounce Religion


You were in the Dungeon.
You worshipped Okawaru.
Okawaru was most pleased with you.
You were not hungry.

You visited 1 branch You collected 10 gold pieces.

Inventory:

Hand weapons
 a - a +1 dagger
 n - a +2 scimitar of flaming
 y - a +2 rapier of venom (weapon)
Missiles
 g - 8 arrows
Armour
 b - a +1 robe (worn)
Magical staves
 x - an uncursed staff of energy
Jewellery
 m - a +2 ring of protection (left hand)
 o - a +3 ring of intelligence (right hand)
Magical devices
 l - a wand of cold (7)
Scrolls
 i - 5 scrolls of remove curse
 j - 2 scrolls of blinking
 k - 2 scrolls of amnesia
 r - a scroll of recharging
 s - a scroll of identify
 t - a scroll of fog
Potions
 e - 6 potions of curing
 f - 7 potions of heal wounds
 h - 4 potions of magic
 p - a potion of cure mutation
 q - a potion of brilliance
Books
 c - a book of Maledictions

   Spells                             Type                      Level
   a - Corona                         Hexes                        1
   b - Sure Blade                     Hexes/Charms                 2
   c - Ensorcelled Hibernation        Hexes/Ice                    2
   d - Confuse                        Hexes                        3
   e - Dazzling Spray                 Conjuration/Hexes            3
   f - Enslavement                    Hexes                        4
Comestibles
 d - a bread ration


   Skills:
 * Level 4.0 Fighting
 * Level 6.0 Short Blades
 * Level 12.0 Dodging
 + Level 10.6 Stealth
 - Level 10.6 Spellcasting
 + Level 11.1 Hexes
 * Level 4.1 Invocations
 * Level 10.2 Evocations


You had 15 spell levels left.
You knew the following spells:

 Your Spells              Type           Power        Failure   Level  Hunger
a - Corona                Hex            ######.      1%          1    None
b - Ensorcelled Hibernat  Hex/Ice        ####..       1%          2    None
c - Confuse               Hex            ######..     1%          3    None
d - Enslavement           Hex            ######..     1%          4    ##.....
e - Dazzling Spray        Conj/Hex       ####....     1%          3    None


Dungeon Overview and Level Annotations

Branches:
Dungeon (1/1)

Altars:
Cheibriados
Dithmenos
Elyvilon
Fedhas
Gozag
Kikubaaqudgha
Makhleb
Nemelex Xobeh
Okawaru
Qazlal
Ru
Sif Muna
Trog
Vehumet
Xom
Yredelemnul
Zin
The Shining One
Beogh
Jiyva
Lugonu


Innate Abilities, Weirdness & Mutations

You are tiny and cannot use many weapons and most armour.
You have supernaturally acute eyesight.
You are a herbivore.
You cover ground extremely quickly.
You need consume almost no food.


Message History

The eight-headed hydra closely misses you.
The eight-headed hydra barely misses you.
The eight-headed hydra bites you! The eight-headed hydra bites you.
The eight-headed hydra completely misses you.
Casting: Ensorcelled Hibernation
Confirm with . or Enter, or press ? or * to list all spells.
Aiming: Ensorcelled Hibernation
Press: ? - help, Shift-Dir - straight line, f/p - eight-headed hydra
Aim: an eight-headed hydra (moderately wounded, blind, hasn't noticed you, chance 28%)
The eight-headed hydra looks drowsy...
The eight-headed hydra is no longer blind.
The eight-headed hydra misses you.
The eight-headed hydra completely misses you.
The eight-headed hydra bites you! The eight-headed hydra misses you.
The eight-headed hydra bites you!
* * * LOW HITPOINT WARNING * * *
The eight-headed hydra bites you.
* * * LOW HITPOINT WARNING * * *
The eight-headed hydra misses you. The eight-headed hydra bites you!
You die...

▓.▓.▓.▓
▓)▓.▓.▓
▓)▓.▓.▓
▓.▓.▓'▓
▓.▓.▓.▓
▓.▓.▓.▓
▓.▓.▓.▓
▓'▓.▓.▓
▓)▓.▓@▓
▓.▓.▓D▓
▓)▓.▓)▓
▓.▓.▓.▓
▓.▓.▓÷▓
▓'▓.▓÷▓
▓_▓.▓.▓
▓_▓.▓.▓
▓_▓.▓.▓


You could see an eight-headed hydra.

Vanquished Creatures
  A centaur warrior (D)
  A two-headed ogre (D)
  A basilisk (D)
  A hippogriff (D)
  A porcupine (D)
  2 phantoms (D)
  A crimson imp (D)
  A worker ant (D)
  2 adders (D)
  2 orcs (D)
  A bat skeleton (D)
  A hobgoblin (D)
  2 kobolds (D)
  A ball python (D)
  A giant newt (D)
  A goblin (D)
  A quokka zombie (D)
  A rat (D)
22 creatures vanquished.

Vanquished Creatures (collateral kills)
  A gargoyle (D)
  A hippogriff (D)
  A water moccasin (D)
  A crocodile (D)
  A hound (D)
  An orc (D)
6 creatures vanquished.

Vanquished Creatures (others)
  A spatial maelstrom (D)
  A troll (D)
  A basilisk (D)
3 creatures vanquished.

Grand Total: 31 creatures vanquished

Notes
Turn   | Place    | Note
--------------------------------------------------------------
     0 | D        | MordorOrchid, the Spriggan Enchanter, began the quest for the Orb.
     0 | D        | Reached XP level 1. HP: 9/9 MP: 4/4
    21 | D        | Reached skill level 1 in Fighting
    21 | D        | Reached skill level 5 in Stealth
    53 | D        | Banished a spatial maelstrom
   221 | D        | Noticed a worker ant
   227 | D        | Reached XP level 2. HP: 14/14 MP: 7/7
   235 | D        | Learned a level 2 spell: Ensorcelled Hibernation
   250 | D        | Killed a worker ant
   250 | D        | Reached skill level 6 in Stealth
   250 | D        | Reached XP level 3. HP: 18/18 MP: 0/11
   264 | D        | Found a glowing silver altar of Zin.
   264 | D        | Found a glowing golden altar of the Shining One.
   264 | D        | Found an ancient bone altar of Kikubaaqudgha.
   264 | D        | Found a basalt altar of Yredelemnul.
   264 | D        | Found a shimmering altar of Xom.
   264 | D        | Found a radiant altar of Vehumet.
   264 | D        | Found an iron altar of Okawaru.
   265 | D        | Found a burning altar of Makhleb.
   266 | D        | Found a deep blue altar of Sif Muna.
   267 | D        | Found a bloodstained altar of Trog.
   268 | D        | Found a sparkling altar of Nemelex Xobeh.
   269 | D        | Found a white marble altar of Elyvilon.
   270 | D        | Found a roughly hewn altar of Beogh.
   271 | D        | Found a viscous altar of Jiyva.
   272 | D        | Found a corrupted altar of Lugonu.
   273 | D        | Became a worshipper of Warmaster Okawaru
   274 | D        | Found a blossoming altar of Fedhas.
   275 | D        | Found a snail-covered altar of Cheibriados.
   276 | D        | Found a shadowy altar of Dithmenos.
   277 | D        | Found a stormy altar of Qazlal.
   278 | D        | Found an opulent altar of Gozag.
   279 | D        | Found a sacrificial altar of Ru.
   312 | D        | Learned a level 3 spell: Confuse
   316 | D        | Learned a level 3 spell: Dazzling Spray
   450 | D        | Noticed a crimson imp
   450 | D        | Noticed a phantom
   450 | D        | Noticed a two-headed ogre
   450 | D        | Noticed a phantom
   452 | D        | Killed a crimson imp
   452 | D        | Reached skill level 5 in Dodging
   452 | D        | Reached skill level 5 in Hexes
   452 | D        | Reached XP level 4. HP: 23/23 MP: 13/16
   456 | D        | Killed a phantom
   456 | D        | Reached skill level 7 in Hexes
   456 | D        | Reached XP level 5. HP: 16/26 MP: 15/21
   460 | D        | Killed a two-headed ogre
   460 | D        | Acquired Okawaru's first power
   460 | D        | Reached skill level 9 in Dodging
   460 | D        | Reached XP level 6. HP: 18/30 MP: 17/25
   487 | D        | Killed a phantom
   498 | D        | Learned a level 4 spell: Enslavement
   662 | D        | Noticed a troll
   662 | D        | Noticed a gargoyle
   662 | D        | Noticed a hound
   662 | D        | Noticed a centaur warrior
   675 | D        | Killed a gargoyle
   675 | D        | Reached skill level 10 in Dodging
   675 | D        | Reached skill level 10 in Hexes
   675 | D        | Reached skill level 1 in Invocations
   675 | D        | Reached XP level 7. HP: 32/35 MP: 23/27
   680 | D        | Killed a hound
   683 | D        | a troll (ally) was killed
   697 | D        | Killed a centaur warrior
   697 | D        | Reached skill level 5 in Short Blades
   697 | D        | Reached skill level 11 in Dodging
   697 | D        | Reached skill level 10 in Spellcasting
   697 | D        | Reached XP level 8. HP: 37/40 MP: 23/29
   819 | D        | Noticed a basilisk
   819 | D        | Noticed a hippogriff
   819 | D        | Noticed a porcupine
   819 | D        | Noticed a basilisk
   819 | D        | Noticed a crocodile
   819 | D        | Noticed a water moccasin
   820 | D        | Noticed a hippogriff
   822 | D        | Noticed an eight-headed hydra
   823 | D        | Killed a basilisk
   840 | D        | Killed a porcupine
   840 | D        | Reached skill level 10 in Stealth
   846 | D        | Killed a hippogriff
   846 | D        | Reached skill level 10 in Evocations
   852 | D        | Killed a crocodile
   854 | D        | Killed a water moccasin
   857 | D        | Killed a hippogriff
   857 | D        | Reached skill level 12 in Dodging
   858 | D        | a basilisk (ally) was killed
  1079 | D        | Mangled by an eight-headed hydra

Action                   |  1- 3 |  4- 6 |  7- 9 || total
-------------------------+-------+-------+-------++-------
Melee: Dagger            |    23 |       |       ||    23
       Rapier            |     1 |    28 |    11 ||    40
 Cast: Corona            |     6 |       |       ||     6
       Ensorcelled Hiber |     3 |       |     2 ||     5
       Confuse           |       |     1 |     2 ||     3
       Enslavement       |       |     1 |     2 ||     3
       Dazzling Spray    |       |       |     5 ||     5
  Use: Potion            |     3 |       |       ||     3
 Stab: Sleeping          |     4 |     2 |     2 ||     8
       Invisible         |       |     3 |       ||     3
       Confused          |       |     1 |     2 ||     3
